 Dungeon Crawl Stone Soup version 0.32-a0-20-ge526923d97 (webtiles) character file.

Game seed: 9601430847098758210

592 jasper the Slasher (level 7, -13/59 HPs)
             Began as an Armataur Warper on Jan 17, 2024.
             Was a Follower of Cheibriados.
             Mangled by a yak (16 damage)
             ... on level 6 of the Dungeon on Jan 18, 2024.
             The game lasted 00:07:44 (5027 turns).

jasper the Slasher (Armataur Warper)                Turns: 5027, Time: 00:07:45

Health: -13/59     AC:  4    Str: 23 (24) XL:     7   Next: 16%
Magic:  1/10       EV:  9    Int: 16 (17) God:    Cheibriados [*.....]
Gold:   181        SH:  0    Dex: 11 (12) Spells: 3/10 levels left

rFire   . . .        a - +1 falchion
rCold   . . .        (no shield)
rNeg    . . .        h - +0 robe
rPois   .            (no helmet)
rElec   .            (no cloak)
rCorr   .            (no gloves)
SInv    .            (no barding)
Will    .....        (no amulet)
Stlth   +            e - +6 ring of strength
HPRegen 0.29/turn    (no ring)
MPRegen 0.12/turn

%: roll
@: very slow
A: large, deformed body, tough skin 3, armoured tail, roll 2
a: Renounce Religion, Bend Time


You were on level 6 of the Dungeon.
You worshipped Cheibriados.
Cheibriados was aware of your devotion.
You visited 2 branches of the dungeon, and saw 7 of its levels.

You collected 181 gold pieces.

Inventory:

Hand Weapons
 a - a +1 falchion (weapon)
 p - the +7 mace of Lust {flame, ^Drain rF+ MP+9 Stlth+}
   (You found it on level 3 of the Dungeon)

   rF+:       It protects you from fire.
   MP+9:      It affects your magic capacity (+9).
   ^Drain:    It drains your maximum health when unequipped.
   Stlth+:    It makes you more stealthy.
 s - a +0 short sword
Missiles
 d - 7 darts of dispersal
 f - 69 stones (quivered)
 o - 7 poisoned darts
 t - a throwing net
Armour
 b - a +0 leather armour
 h - a +0 robe (worn)
Jewellery
 e - a +6 ring of strength (left hand)
Wands
 c - a wand of flame (16)
Scrolls
 m - a scroll of torment
Potions
 g - a potion of brilliance
 i - a potion of enlightenment


   Skills:
 + Level 4.0 Fighting
 - Level 1.0(3.5) Short Blades
 * Level 5.4(5.5) Long Blades
 - Level 0.8 Throwing
 - Level 1.2 Armour
 - Level 1.3 Dodging
 + Level 0.0 Stealth
 - Level 2.0 Spellcasting
 - Level 4.0 Translocations


You had 3 spell levels left.
You knew the following spells:

 Your Spells              Type           Power      Damage    Failure   Level
a - Blink                 Tloc           28%        N/A       6%          2
b - Lesser Beckoning      Tloc           28%        N/A       6%          2
c - Teleport Other        Tloc           14%        N/A       12%         3

Your spell library contained the following spells:

 Spells                   Type           Power      Damage    Failure   Level
 Manifold Assault         Tloc           14%        N/A       36%         4
 Vhi's Electric Charge    Tloc/Air       16%        N/A       65%         4


Dungeon Overview and Level Annotations

Branches:
Dungeon (6/15)             Temple (1/1) D:5

Altars:
Ashenzari
Cheibriados
Elyvilon
Gozag
Hepliaklqana
Kikubaaqudgha
Makhleb
Qazlal
Sif Muna
Trog
Vehumet
Xom
Zin
The Shining One

Annotations:
D:2 Sigmund
D:4 2 transporters, cforsyth's ghost, novice OnSh
D:5 Blork the orc
D:6 exclusion: yak


Innate Abilities, Weirdness & Mutations

Armour fits poorly on your strangely shaped body.
You have extremely tough skin. (AC +3)
You have a long armoured tail.
You regenerate magic and health when rolling toward enemies. (Rampage Regen)


Message History

The yak is moderately wounded.
The yak gores you!
You take 15 damage, and have 20/59 hp.
MASSIVE DAMAGE!!
Okay, then.
The yak attacks as it pursues you! The yak closely misses you.
Casting: Teleport Other (dangerous; 12% risk of failure)
Confirm with . or Enter, or press ? or * to list all spells.
You miscast Blink.
You are very lightly contaminated with residual magic.
Nothing appears to happen.
The yak gores you!
* * * LOW HITPOINT WARNING * * *
You take 9 damage, and have 12/59 hp.
You now have 2/10 mp.
Casting: Blink (safe; 6% risk of failure)
Confirm with . or Enter, or press ? or * to list all spells.
You blink.
You now have 0/10 mp.
You open the door.
Your magical contamination has completely faded away.
Found a silvery potion.
The yak gores you!
* * * LOW HITPOINT WARNING * * *
There is an open door, spattered with blood here.
You take 8 damage, and have 6/59 hp.
Casting: Blink (safe; 6% risk of failure)
Confirm with . or Enter, or press ? or * to list all spells.
You don't have enough magic to cast this spell.
Unknown command.
Okay, then.
Okay, then.
Aiming: Throw Flame
Press: ? - help, Shift-Dir - straight line, f/p - yak
Aim: a yak (moderately wounded, 81% to hit)
The puff of flame hits the yak.
The yak is heavily wounded.
You feel ready to blink again. The yak gores you.
* * * LOW HITPOINT WARNING * * *
You take 4 damage, and have 2/59 hp.
The yak attacks as it pursues you! The yak gores you!
You die...

#..Y....#
###.##### #.#
#.### # #..Y#
.###. ###.#
#..... #.#
#...## #.##
##!....# #..##
##@♣
#####...####Y♣♣
.........Y.Y'♣♣
#####....###♣♣
#.....# #.....#
♣ #.....# ♣.♣
##...## .♣.
#.### ..


You could see 2 yaks.

Vanquished Creatures
  A phantom (D:6)
  A wight (D:5)
  A bombardier beetle (D:4)
  3 bullfrog zombies (D:6)
  A jelly (D:6)
  2 hounds
  A sleepcap (D:3)
  Jessica (D:2)
  Ijyb (D:4)
  An orc wizard (D:5)
  7 adders
  A shadow imp (D:6)
  A dart slug (D:1)
  A ribbon worm (D:4)
  6 orcs
  9 endoplasms
  A giant cockroach (D:1)
  3 goblins
  7 hobgoblins
  2 jackals (D:3)
  5 kobolds
  6 quokkas
  9 ball pythons
  3 bats
  A frilled lizard (D:2)
  6 rats
81 creatures vanquished.

Notes
Turn   | Place    | Note
-------+----------+-------------------------------------------
     0 | D:1      | jasper the Armataur Warper began the quest for the Orb.
     0 | D:1      | Reached XP level 1. HP: 17/17 MP: 3/3
   216 | D:1      | Reached skill level 1 in Short Blades
   216 | D:1      | Reached XP level 2. HP: 24/24 MP: 4/4
   911 | D:2      | Reached XP level 3. HP: 25/29 MP: 6/6
   914 | D:2      | Learned a level 2 spell: Blink
   917 | D:2      | Learned a level 2 spell: Lesser Beckoning
   928 | D:2      | Noticed Jessica
   941 | D:2      | Killed Jessica
   942 | D:2      | Reached skill level 2 in Long Blades
  1365 | D:2      | Noticed Sigmund
  1447 | D:3      | Reached XP level 4. HP: 7/36 MP: 7/7
  1595 | D:3      | Found a hazy altar of Hepliaklqana.
  1714 | D:3      | Identified the +7 mace of Lust {flame, ^Drain rF+ MP+9
                  | Stlth+}
  1969 | D:3      | Reached skill level 3 in Long Blades
  2068 | D:3      | Found a snail-covered altar of Cheibriados.
  2087 | D:3      | Became a worshipper of Cheibriados the Contemplative
  2120 | D:3      | Found a white marble altar of Elyvilon.
  2434 | D:4      | Found a broken altar of Ashenzari.
  2452 | D:4      | Reached XP level 5. HP: 32/42 MP: 8/8
  2596 | D:4      | Found a transporter.
  2596 | D:4      | Noticed cforsyth's ghost (novice OnSh)
  2759 | D:4      | Found a glowing silver altar of Zin.
  2777 | D:4      | Found a transporter.
  3109 | D:4      | Learned a level 3 spell: Teleport Other
  3135 | D:4      | Found an opulent altar of Gozag.
  3189 | D:4      | Noticed Ijyb
  3226 | D:5      | Entered Level 5 of the Dungeon
  3226 | D:5      | Noticed Blork the orc
  3481 | D:4      | Killed Ijyb
  3482 | D:4      | Reached skill level 4 in Long Blades
  3842 | D:5      | Reached XP level 6. HP: 47/51 MP: 9/9
  3993 | D:5      | Reached * piety under Cheibriados
  4181 | D:5      | Found a staircase to the Ecumenical Temple.
  4211 | Temple   | Entered the Ecumenical Temple
  4405 | D:6      | Reached skill level 5 in Long Blades
  4733 | D:6      | Gained mutation: You regenerate magic and health when
                  | rolling toward enemies. (Rampage Regen) [Armataur growth]
  4733 | D:6      | Reached XP level 7. HP: 58/58 MP: 10/10
  4988 | D:6      | Noticed a yak
  4994 | D:6      | Noticed a yak
  4994 | D:6      | Noticed a yak
  4994 | D:6      | Noticed a yak
  4995 | D:6      | Noticed a yak
  5025 | D:6      | HP: 2/59 [yak (4)]
  5027 | D:6      | Mangled by a yak

Illustrated notes

Levels and vault maps discovered:
D:1:      ncdulo_lavacross, layout_basic, corexii_leaking_fountain,
          grunt_decor_mini_mirrors, hangedman_decor_clover_reticule
D:2:      layout_loops_corners, basic_altar, uniq_sigmund, uniq_jessica
D:3:      layout_basic, mainiacjoe_overflow_tiny_flanked,
          mainiacjoe_overflow_24_doors, mainiacjoe_overflow_cross_hatched
D:4:      layout_loops_corners, zin_statuary, grunt_gozag_statues,
          gammafunk_ghost_stat_death, minmay_ruined_shrine, uniq_ijyb
D:5:      minmay_general_purpose_star, layout_loops_corners,
          hangedman_ru_absence, mainiacjoe_overflow_catwalk_spiral,
          gup_sewer_entry_bowl, nicolae_ossuary_entry_catacombs,
          uniq_blork_the_orc
D:6:      layout_loops_corners, nicolae_yredelemnul_corpse_copse,
          nicolae_overflow_hidden_temple
Temple:   hellmonk_temple_of_storms

Skill      XL: |  1  2  3  4  5  6  7 |
---------------+----------------------+-----
Short Blades   | 1 |  1.0
Spellcasting   | 2 |  2.0
Translocations | 4 |  4.0
Fighting       | 2 3 4 |  4.0
Long Blades    | 2 3 4 5 |  5.4
Throwing       | |  0.8
Armour         | |  1.2
Dodging        | |  1.3

Action                     |  1- 3 |  4- 6 |  7- 9 || total
---------------------------+-------+-------+-------++-------
  Melee: Falchion          |    93 |   204 |    32 ||   329
         Tailslap          |    13 |    26 |     6 ||    45
         Punch             |       |     1 |       ||     1
  Throw: Stone             |       |     7 |       ||     7
   Cast: Teleport Other    |       |     2 |     3 ||     5
         Blink             |       |     2 |     1 ||     3
  Evoke: Wand              |       |     5 |     1 ||     6
    Use: Scroll            |       |    12 |     1 ||    13
         Potion            |       |     2 |     1 ||     3
   Stab: Sleeping          |     1 |     4 |       ||     5
 Armour: Robe              |    55 |   155 |    42 ||   252
         Leather armour    |    11 |       |       ||    11
  Dodge: Dodged            |    45 |    94 |    10 ||   149

Table legend: (Time is in decaauts)
 A = Elapsed time spent in this place.
 B = Non-inter-level travel time spent in this place.
 C = Inter-level travel time spent in this place.
 D = Time resting spent in this place.
 E = Time spent auto-exploring this place.
 F = Levels seen in this place.
 G = Mean time per level.
                   A        B        C        D        E       F      G
               +--------+--------+--------+--------+--------+-----+--------+
         Total |   5571 |   5465 |    106 |   1048 |   3440 |   7 |  795.9 |
       Dungeon |   5473 |   5367 |    106 |    952 |   3440 |   6 |  912.2 |
        Temple |     97 |     97 |      0 |     96 |      0 |   1 |   97.0 |
               +--------+--------+--------+--------+--------+-----+--------+

Top non-repeatable levels by time:
     D:4: 1521 daAuts
     D:3: 1079 daAuts
     D:5: 768 daAuts
     D:2: 722 daAuts
     D:6: 711 daAuts
     D:1: 670 daAuts
  Temple: 97 daAuts
